 Dungeon Crawl Stone Soup version 0.26-a0-639-g72c4674329 (webtiles) character file.

Game seed: 14235978612733509573

(classic levelgen) 18 EnegeticOcto the Shield-Bearer (level 2, 0/27 HPs)
             Began as a Deep Dwarf Fighter on Sept 28, 2020.
             Killed from afar by an orc wizard (6 damage)
             ... with a magic dart
             ... on level 4 of the Dungeon.
             The game lasted 00:00:14 (288 turns).

EnegeticOcto the Shield-Bearer (Deep Dwarf Fighter)  Turns: 288, Time: 00:00:15

Health: 0/27       AC:  6    Str: 19    XL:     2   Next: 51%
Magic:  2/2        EV:  7    Int:  8    God:
Gold:   32         SH:  9    Dex: 12    Spells: 1/1 levels left

rFire    . . .     SeeInvis .   a - +0 war axe
rCold    . . .     Faith    .   c - +0 kite shield
rNeg     . . .     Spirit   .   b - +0 scale mail
rPois    .         Reflect  .   (no helmet)
rElec    .         Harm     .   (no cloak)
rCorr    .         Rampage  .   (no gloves)
MR       .....                  (no boots)
Stlth    ..........             g - amulet of regeneration
HPRegen  0.00/turn              (no ring)
MPRegen  0.08/turn              (no ring)

@: non-regenerating
A: damage resistance, heal wounds, sense surroundings 1, no regeneration
a: Heal Wounds


You were on level 4 of the Dungeon.
You visited 1 branch of the dungeon, and saw 4 of its levels.

You collected 32 gold pieces.

Inventory:

Hand Weapons
 a - a +0 war axe (weapon)
Armour
 b - a +0 scale mail (worn)
 c - a +0 kite shield (worn)
Jewellery
 g - an amulet of regeneration (around neck)
Scrolls
 e - a scroll of teleportation {unknown}
 f - a scroll of remove curse {unknown}
 h - a scroll of identify {unknown}
Potions
 d - a potion of might {@q3}


   Skills:
 + Level 2.9 Fighting
 * Level 2.8 Axes
 + Level 3.5 Armour
 + Level 3.5 Shields


You had one spell level left.
You didn't know any spells.
Your spell library was empty.

Dungeon Overview and Level Annotations

Branches:
Dungeon (4/15)
 Temple: D:4-7

Altars:


Innate Abilities, Weirdness & Mutations

You are resistant to damage.
You can heal yourself by infusing magical energy.
You passively map a small area around you.
You do not regenerate.


Message History

A hobgoblin comes into view. It is wielding a +0 club.
The hobgoblin shouts!
The hobgoblin hits you but does no damage.
You barely miss the hobgoblin. You block the hobgoblin's attack. x2
You barely miss the hobgoblin. The hobgoblin hits you with a +0 club.
You closely miss the hobgoblin. The hobgoblin barely misses you.
You hit the hobgoblin.
The hobgoblin is almost dead.
The hobgoblin hits you with a +0 club. You block the hobgoblin's attack.
You completely miss the hobgoblin.
The hobgoblin is almost dead.
The hobgoblin hits you but does no damage.
You hit the hobgoblin.
You kill the hobgoblin!
No target in view!
No target in view!
No target in view!
No target in view!
No target in view!
No target in view!
No target in view!
No target in view!
No target in view!
No target in view!
No target in view!
(D) Dungeon
Where to? (Enter - D:3, ? - help)
There is a stone staircase leading down here.
You climb downwards. 2 orcs come into view.
The orc shouts! x2
Found 9 gold pieces.
Found an escape hatch in the ceiling.
There is a stone staircase leading up here.
There are monsters nearby!
An orc wizard comes into view. It is wielding a +0 dagger.
The orc wizard shouts!
The orc hits you but does no damage.
There is an escape hatch in the ceiling here.
You hit the orc.
The orc is moderately wounded.
You slash the orc wizard!
The orc wizard is heavily wounded.
You hit the orc.
The orc is almost dead.
Your shield and scale mail prevent you from hitting the orc.
The orc is almost dead.
You block the orc's attack.
You hit the orc.
You kill the orc!
You barely miss the orc. You block the orc's attack.
The orc wizard hits you but does no damage.
You closely miss the orc wizard.
The orc wizard is heavily wounded.
Your scale mail prevents you from hitting the orc.
The orc barely misses you.
The orc wizard mumbles some strange words.
The orc wizard flickers and vanishes!
Deactivating autopickup; reactivate with Ctrl-A.
You hit the orc.
The orc is heavily wounded.
You closely miss something. The orc hits you.
You hear some strange, mumbled words.
A puff of flame appears from out of thin air!
The puff of flame hits you. You block the orc's attack.
You block something's attack.
You slash the orc!
You kill the orc!
You slash something! Something hits you.
No target in view!
No target in view!
There is a strange disturbance nearby!
There is a strange disturbance nearby!
There is a strange disturbance nearby!
No target in view!
No target in view!
No target in view!
No target in view!
No target in view!
No target in view!
No target in view!
There is a strange disturbance nearby!
There is a strange disturbance nearby!
You hit something but do no damage.
You hear some strange, mumbled words.
A puff of flame appears from out of thin air!
The puff of flame hits you! Something hits you but does no damage.
You miss something. Something hits you.
You closely miss something.
You hear some strange, mumbled words.
Something tries to affect you, but you resist.
Something hits you.
* * * LOW HITPOINT WARNING * * *
Your shield and scale mail prevent you from hitting something.
Something hits you.
* * * LOW HITPOINT WARNING * * *
You closely miss something.
You hear some strange, mumbled words.
A magic dart appears from out of thin air!
The magic dart hits you!
You die...

* , ,. **
#. #####
##.# ....,
*
.....,$.#*
* #..##{#,
# *
,###...[@#
.# ,
........#.#
*,
#####.#<..#
* ...#.###
#.# #.# , *
#. #.# , #,
..# , , ###
*


There were no monsters in sight!

Vanquished Creatures
  A worm (D:2)
  A dart slug (D:1)
  2 orcs (D:4)
  2 hobgoblins
  A kobold (D:2)
  A quokka (D:3)
  2 frilled lizards
  2 rats
12 creatures vanquished.

Notes
Turn   | Place    | Note
-------+----------+-------------------------------------------
     0 | D:1      | EnegeticOcto the Deep Dwarf Fighter began the quest for the
                  | Orb.
     0 | D:1      | Reached XP level 1. HP: 20/20 MP: 1/1
   156 | D:2      | Reached XP level 2. HP: 25/27 MP: 2/2
   288 | D:4      | Killed from afar by an orc wizard

Illustrated notes

Levels and vault maps discovered:
D:1:      saegor_arrival_simple_c, layout_basic, minmay_ruptured
D:2:      wad_lake_hut, layout_basic, guppyfry_early_lair_pool
D:3:      layout_basic, minmay_three_crescents
D:4:      layout_basic, uniq_crazy_yiuf_cottage, uniq_ijyb, uniq_edmund

Action                   || total
-------------------------++-------
Melee: War axe           ||    45
Armor: Scale mail        ||    12
Dodge: Dodged            ||     6
Block: Kite shield       ||    14

Table legend: (Time is in decaauts)
 A = Elapsed time spent in this place.
 B = Non-inter-level travel time spent in this place.
 C = Inter-level travel time spent in this place.
 D = Time resting spent in this place.
 E = Time spent auto-exploring this place.
 F = Levels seen in this place.
 G = Mean time per level.
                   A        B        C        D        E       F      G
               +--------+--------+--------+--------+--------+-----+--------+
         Total |    307 |    275 |     32 |      0 |    168 |   4 |   76.8 |
       Dungeon |    307 |    275 |     32 |      0 |    168 |   4 |   76.8 |
               +--------+--------+--------+--------+--------+-----+--------+

Top non-repeatable levels by time:
     D:1: 118 daAuts
     D:3: 102 daAuts
     D:2: 66 daAuts
     D:4: 20 daAuts
